 Dungeon Crawl Stone Soup version 0.28-a0-390-gb254ac4902 (webtiles) character file.

Game seed: 10564517315510143238

46 bande the Skirmisher (level 3, 0/24 HPs)
             Began as a Gargoyle Fighter on Sept 4, 2021.
             Slain by Robin (2 damage)
             ... on level 2 of the Dungeon.
             The game lasted 00:01:58 (1391 turns).

bande the Skirmisher (Gargoyle Fighter)             Turns: 1391, Time: 00:01:58

Health: 0/24       AC: 11    Str: 19    XL:     3   Next: 66%
Magic:  3/3        EV:  9    Int:  8    God:
Gold:   47         SH:  4    Dex: 10    Spells: 2/2 levels left

rFire   . . .      SeeInvis .   a - +1 war axe
rCold   . . .      Faith    .   c - +0 buckler
rNeg    + . .      Spirit   .   b - +0 scale mail
rPois   ∞          Reflect  .   h - +0 helmet
rElec   +          Harm     .   (no cloak)
rCorr   .          Rampage  .   (no gloves)
Will    .....                   (no boots)
Stlth   ..........              (no amulet)
HPRegen 0.08/turn               (no ring)
MPRegen 0.08/turn               (no ring)

@: no status effects
A: sickness immunity, AC +3, negative energy resistance 1, electricity
resistance, torment resistance 1, petrification resistance
a: no special abilities


You were on level 2 of the Dungeon.
You visited 1 branch of the dungeon, and saw 2 of its levels.

You collected 47 gold pieces.

Inventory:

Hand Weapons
 a - a +1 war axe (weapon)
Armour
 b - a +0 scale mail (worn)
 c - a +0 buckler (worn)
 h - a +0 helmet (worn)
Scrolls
 f - 2 scrolls of teleportation
Potions
 d - a potion of might
 e - 2 potions of lignification {unknown}
 g - a potion of curing {unknown}


   Skills:
 + Level 3.7 Fighting
 + Level 2.5 Axes
 + Level 3.7 Armour
 + Level 3.6 Shields


You had 2 spell levels left.
You didn't know any spells.
Your spell library contained the following spells:

 Spells                   Type           Power      Damage    Failure   Level
 Fulminant Prism          Conj/Hex       0%         3d6       100%        4
 Iskenderun's Mystic Bla  Conj/Tloc      0%         2d3       100%        4
 Lee's Rapid Deconstruct  Erth           0%         3d5*      100%        5


Dungeon Overview and Level Annotations

Branches:
Dungeon (2/15)

Altars:

Shops:
D:1 :*(

Annotations:
D:2 Robin


Innate Abilities, Weirdness & Mutations

You are immune to sickness and miasma.
Your stone body is resilient. (AC +3)
You are immune to poison.
You resist negative energy. (rN+)
You are resistant to electric shocks. (rElec)
You are resistant to unholy torment.
You are immune to petrification.


Message History

The hobgoblin hits you but does no damage.
Robin closely misses you.
Unknown command.
You closely miss the frilled lizard. You closely miss the hobgoblin.
You completely miss the goblin. You closely miss Robin.
The frilled lizard bites you but does no damage.
The goblin hits you with a +0 dagger. The hobgoblin hits you.
* * * LOW HITPOINT WARNING * * *
Robin closely misses you. The frilled lizard misses you.
The goblin hits you but does no damage.
You barely miss the frilled lizard. You slash the hobgoblin!
You kill the hobgoblin!
You hit the goblin.
You kill the goblin!
You hit Robin. You block Robin's attack.
The frilled lizard bites you but does no damage.
Unknown command.
You closely miss the frilled lizard. You hit Robin.
Robin hits you with a +0 short sword.
* * * LOW HITPOINT WARNING * * *
The frilled lizard bites you but does no damage.
Robin roars a battlecry!
You hear a shout!
Unknown command.
You slash the frilled lizard!
You kill the frilled lizard!
You barely miss Robin.
A hobgoblin comes into view.
Robin hits you but does no damage.
Unknown command.
You barely miss Robin.
Robin is severely wounded.
Robin hits you with a +0 short sword.
* * * LOW HITPOINT WARNING * * *
Robin hits you but does no damage.
You hit Robin but do no damage.
Robin is severely wounded.
The hobgoblin drinks a potion.
The hobgoblin seems to speed up.
Robin hits you with a +0 short sword.
You die...

... ... # ## .g.. ##.
.#..... .#..### .#.....
....... ....... .......
###g...... .......
#.@)...... .......
####)#)#..... .......
######.#..#.# .###.....##.
#.#.....#.#.. #. ##........
#..#.##########.##......>..
#)####.#..# ..............
#.#.....#.## ......>.......
#..#.####.#..###..#........
######.#†.# ...............


You could see Robin and a hobgoblin (fast, strong).

Vanquished Creatures
  A worm (D:2)
  A ball python (D:1)
  2 bats (D:1)
  4 endoplasms
  2 giant cockroaches
  11 goblins (D:2)
  6 hobgoblins (D:2)
  A quokka (D:2)
  5 frilled lizards
  A kobold (D:1)
  2 rats (D:2)
36 creatures vanquished.

Vanquished Creatures (others)
  3 plants (D:1)
  8 withered plants (D:1)
11 creatures vanquished.

Grand Total: 47 creatures vanquished

Notes
Turn   | Place    | Note
-------+----------+-------------------------------------------
     0 | D:1      | bande the Gargoyle Fighter began the quest for the Orb.
     0 | D:1      | Reached XP level 1. HP: 14/14 MP: 1/1
   144 | D:1      | Found Safaanux's General Store.
   223 | D:1      | Found Iraimp's Book Emporium.
   435 | D:1      | Reached XP level 2. HP: 18/19 MP: 2/2
   549 | D:1      | Found Epli's Antique Weapon Emporium.
   720 | D:1      | Found a faded altar of an unknown god.
  1266 | D:2      | Reached XP level 3. HP: 16/24 MP: 3/3
  1369 | D:2      | Noticed Robin
  1391 | D:2      | Slain by Robin

Illustrated notes

Levels and vault maps discovered:
D:1:      dpeg_arrival_rooms_c, layout_loops_corners, serial_shops,
          nicolae_diamond_shop, shop, shop,
          shapermc_ecumenical_altar_flowoftime, chequers_serial_rivers_room_b,
          due_unseen_surprise
D:2:      minmay_angry_zag, layout_rooms, solitary_fountain, uniq_robin

Skill      XL: |  1  2 |
---------------+-------+-----
Axes           | 2 |  2.5
Fighting       | |  3.7
Armour         | |  3.7
Shields        | |  3.6

Action                   || total
-------------------------++-------
Melee: War axe           ||    87
  Use: Scroll            ||     3
Armor: Scale mail        ||    46
Dodge: Dodged            ||    43
Block: Buckler           ||    19

Table legend: (Time is in decaauts)
 A = Elapsed time spent in this place.
 B = Non-inter-level travel time spent in this place.
 C = Inter-level travel time spent in this place.
 D = Time resting spent in this place.
 E = Time spent auto-exploring this place.
 F = Levels seen in this place.
 G = Mean time per level.
                   A        B        C        D        E       F      G
               +--------+--------+--------+--------+--------+-----+--------+
         Total |   1428 |   1378 |     50 |      0 |   1140 |   2 |  714.0 |
       Dungeon |   1428 |   1378 |     50 |      0 |   1140 |   2 |  714.0 |
               +--------+--------+--------+--------+--------+-----+--------+

Top non-repeatable levels by time:
     D:1: 1038 daAuts
     D:2: 390 daAuts
